Map: Ulrena

Players

BigMoney

  • Race: Zerg Zerg
  • League: Silver

Jhyrachy - Winner!

  • Race: Zerg Zerg
  • League: Silver

VOD

Have the link to the VOD?

Description

Time

  • Played on: April 5, 2016, 10:36 a.m.
  • Length: 4:21
Show
View Real Time Build Order
Export as new Build Order

BigMoney Zerg 

Build Orders: Pool First 

Get SALT Encoding   

  12  0:04  Drone  
  13  0:14  Overlord  
  13  0:17  Drone  
  14  0:32  Drone  
  14  0:33  Drone  
  16  0:37  Drone  
  16  0:41  Extractor  
  16  0:47  Drone  
  17  0:56  Spawning Pool  
  16  0:58  Drone  
  17  1:09  Drone  
  18  1:19  Drone  
  19  1:35  Hatchery  
  18  1:43  Queen  
  18  1:45  Metabolic Boost  
  20  1:47  Zergling x2  
  21  1:55  Zergling x2  
  22  2:07  Overlord  
  22  2:34  Overlord  
  20  2:46  Zergling x4  
  22  3:00  Zergling x4  
  24  3:28  Zergling x4  
  24  3:29  Hatchery  
  22  3:37  Zergling x2  
  23  3:43  Queen  
  23  3:45  Zergling x2  
  23  3:47  Drone, Zergling x2  
  28  3:49  Zergling x2  
  29  3:55  Baneling Nest  
  29  4:01  Zergling x2  
Show
View Real Time Build Order
Export as new Build Order

Jhyrachy Zerg - Winner!

Build Orders: Pool First 

Get SALT Encoding   

  12  0:01  Drone  
  13  0:09  Drone  
  14  0:27  Spawning Pool  
  13  0:29  Drone  
  14  0:38  Extractor  
  14  0:41  Extractor  
  12  0:45  Drone x2  
  16  0:50  Overlord  
  16  1:15  Extractor, Zergling x4  
  16  1:17  Queen  
  19  1:19  Drone  
  20  1:40  Drone  
  20  1:41  Drone  
  22  1:56  Hatchery  
  22  2:00  Spine Crawler  
  18  2:42  Metabolic Boost  
  18  2:43  Zergling x2  
  18  2:44  Zergling x6  
  22  2:58  Overlord  
  23  3:12  Zergling x2  
  23  3:13  Zergling x6  
  26  3:26  Queen  
  28  3:31  Zergling x12  
  33  3:43  Zergling x2  
  33  3:44  Zergling x2  
Tags
 
Add a new tag
Caveats
  • Supply blocks, unpowered buildings, or Contaminate may cause inaccurate times.
  • Supply counts are checked every 10 seconds.